 Dungeon Crawl Stone Soup version 0.28.0-1-gb440e238dd (webtiles) character file.

Game seed: 606163094972004512

704 croobank the Skirmisher (level 7, -2/63 HPs)
             Began as a Hill Orc Fighter on Feb 25, 2022.
             Was a Follower of Beogh.
             Slain by Edmund (11 damage)
             ... on level 5 of the Dungeon.
             The game lasted 00:14:51 (4494 turns).

croobank the Skirmisher (Hill Orc Fighter)          Turns: 4494, Time: 00:14:52

Health: -2/63      AC:  9    Str: 21    XL:     7   Next: 67%
Magic:  7/7        EV:  9    Int:  8    God:    Beogh [*.....]
Gold:   266        SH:  5    Dex: 10    Spells: 6/6 levels left

rFire   . . .      SeeInvis .   a - +0 war axe
rCold   . . .      Faith    .   c - +0 buckler
rNeg    . . .      Spirit   .   b - +1 scale mail
rPois   .          Reflect  .   (no helmet)
rElec   .          Harm     .   (no cloak)
rCorr   .          Rampage  .   (no gloves)
Will    .....                   q - +0 pair of boots
Stlth   ..........              f - amulet of the acrobat
HPRegen 0.20/turn               (no ring)
MPRegen 0.10/turn               (no ring)

@: no status effects
A: no striking features
a: Renounce Religion


You were on level 5 of the Dungeon.
You worshipped Beogh.
Beogh was aware of your devotion.
You visited 1 branch of the dungeon, and saw 5 of its levels.

You collected 266 gold pieces.

Inventory:

Hand Weapons
 a - a +0 war axe (weapon)
 d - a +2 whip of chaos
 g - a +0 shortbow
 i - a +0 dagger of speed
 k - a +1 short sword of electrocution
 l - a +2 dagger of holy wrath
 r - a +0 vampiric hand axe
 s - a +2 short sword of speed
 t - a +0 mace of protection
Missiles
 h - 6 javelins (quivered)
 j - 110 arrows
 n - 127 stones
Armour
 b - a +1 scale mail (worn)
 c - a +0 buckler (worn)
 m - a +0 ring mail
 q - a +0 pair of boots (worn)
Magical Staves
 w - a staff of air
 y - a staff of death
Jewellery
 e - an amulet of magic regeneration
 f - an amulet of the acrobat (around neck)
Scrolls
 o - a scroll of holy word
 u - 2 scrolls of fear
 v - a scroll of enchant weapon {unknown}
Potions
 p - a potion of brilliance


   Skills:
 + Level 6.1 Fighting
 + Level 5.9 Axes
 + Level 5.5 Armour
 + Level 5.5 Shields


You had 6 spell levels left.
You didn't know any spells.
Your spell library contained the following spells:

 Spells                   Type           Power      Damage    Failure   Level
 Blink                    Tloc           0%         N/A       91%         2
 Ensorcelled Hibernation  Hex/Ice        0%         N/A       91%         2
 Passwall                 Tmut/Erth      0%         N/A       91%         2
 Lesser Beckoning         Tloc           0%         N/A       99%         3
 Swiftness                Air            0%         N/A       99%         3
 Manifold Assault         Tloc           0%         N/A       100%        5


Dungeon Overview and Level Annotations

Branches:
Dungeon (5/15)             Temple (0/1) D:5

Altars:
Dithmenos
Xom

Annotations:
D:5 Edmund


Message History

You hit the water moccasin.
The water moccasin is moderately wounded.
The water moccasin bites you but does no damage. x2
You slash the water moccasin!
You kill the water moccasin!
Beogh accepts your kill.
Your Fighting skill increases to level 6!
You see here a water moccasin corpse.
There is an open door here.
HP restored.
There is an open door here.
There is an open door here.
Edmund is nearby!
Okay, then.
Okay, then.
Edmund shouts!
You closely miss Edmund.
Edmund drinks a potion.
Edmund seems to grow stronger.
You hit Edmund but do no damage.
Edmund hits you with a +4 dire flail of protection!
You barely miss Edmund. Edmund barely misses you.
You barely miss Edmund. You block Edmund's attack.
Edmund hits you with a +4 dire flail of protection!
You hit Edmund.
Edmund is lightly wounded.
Edmund hits you with a +4 dire flail of protection.
You hit Edmund but do no damage.
Edmund is lightly wounded.
Edmund completely misses you.
You slash Edmund!
Edmund is moderately wounded.
Edmund closely misses you.
You hit Edmund.
Edmund is heavily wounded.
Edmund hits you with a +4 dire flail of protection!!
Edmund hits you with a +4 dire flail of protection!
* * * LOW HITPOINT WARNING * * *
You slash Edmund!
Edmund is severely wounded.
Edmund hits you with a +4 dire flail of protection!
You die...

....................#.
.....................#.
.....................#.
....................#.
.#######'#######...##.
#......###..##...##.
#######.................#.
........................#.
........@@..............#.
........................#.
$.......................#.
####.####....##...#######.
#. #....##...##...##. .
#....#..[......... #.
#....#.........###
'....#......<..#
#............


You could see Edmund (strong).

Vanquished Creatures
  A water moccasin (D:5)
  A black bear (D:4)
  A centaur (D:5)
  A scorpion (D:4)
  2 hounds (D:5)
  A gnoll shaman (D:4)
  2 orc priests
  2 iguanas
  An orc wizard (D:3)
  5 adders
  A howler monkey skeleton (D:4)
  3 worms (D:2)
  2 dart slugs
  10 orcs
  4 ball pythons
  2 endoplasms
  3 giant cockroaches
  5 goblins
  3 hobgoblins
  12 kobolds
  7 quokkas
  5 bats
  4 frilled lizards
  9 rats
87 creatures vanquished.

Vanquished Creatures (collateral kills)
  An orc (D:3)
1 creature vanquished.

Vanquished Creatures (others)
  An orc (D:3)
  A hobgoblin (D:3)
2 creatures vanquished.

Grand Total: 90 creatures vanquished

Notes
Turn   | Place    | Note
-------+----------+-------------------------------------------
     0 | D:1      | croobank the Hill Orc Fighter began the quest for the Orb.
     0 | D:1      | Reached XP level 1. HP: 19/19 MP: 1/1
   131 | D:1      | Reached XP level 2. HP: 27/27 MP: 2/2
   460 | D:1      | Found a faded altar of an unknown god.
   759 | D:1      | Reached skill level 4 in Fighting
   759 | D:1      | Reached XP level 3. HP: 23/33 MP: 3/3
  1175 | D:2      | Reached XP level 4. HP: 40/40 MP: 4/4
  1190 | D:2      | Found a shadowy altar of Dithmenos.
  1684 | D:3      | Reached XP level 5. HP: 42/47 MP: 5/5
  1789 | D:3      | Became a worshipper of Beogh the Brigand
  2436 | D:3      | Found a large runed translucent door.
  2436 | D:3      | Found a large runed translucent door.
  2461 | D:3      | Found a shimmering altar of Xom.
  3000 | D:4      | Noticed a black bear
  3008 | D:4      | Killed a black bear
  3009 | D:4      | Reached skill level 5 in Fighting
  3009 | D:4      | Reached XP level 6. HP: 56/56 MP: 6/6
  3045 | D:4      | Reached * piety under Beogh
  3452 | D:4      | Reached skill level 5 in Axes
  3504 | D:4      | Reached skill level 5 in Shields
  3591 | D:4      | Reached skill level 5 in Armour
  3625 | D:4      | Reached XP level 7. HP: 59/61 MP: 7/7
  3796 | D:5      | Entered Level 5 of the Dungeon
  3796 | D:5      | Noticed Edmund
  4130 | D:5      | Found a staircase to the Ecumenical Temple.
  4395 | D:5      | Reached skill level 6 in Fighting
  4494 | D:5      | Slain by Edmund

Illustrated notes

Levels and vault maps discovered:
D:1:      dpeg_arrival_tiny_a, layout_loops_ring,
          hellmonk_ecumenical_altar_arch_garden
D:2:      layout_rooms, basic_altar, uniq_crazy_yiuf_cottage
D:3:      due_chaos_kobolds, layout_loops_ring
D:4:      layout_cave_pods, minmay_checkerbox
D:5:      layout_gridville, minmay_temple_entry_statues_fountains, uniq_edmund

Skill      XL: |  1  2  3  4  5  6  7 |
---------------+----------------------+-----
Axes           | 3 4 5 |  5.9
Fighting       | 4 5 6 |  6.1
Shields        | 4 5 |  5.5
Armour         | 4 5 |  5.5

Action                   |  1- 3 |  4- 6 |  7- 9 || total
-------------------------+-------+-------+-------++-------
Melee: War axe           |   101 |   122 |    57 ||   280
       Whip              |       |    48 |       ||    48
Invok: Convert to Beogh  |       |     1 |       ||     1
  Use: Scroll            |       |    10 |     2 ||    12
       Potion            |       |     4 |       ||     4
 Stab: Paralysed         |       |     4 |       ||     4
Armor: Scale mail        |    77 |    43 |    37 ||   157
Dodge: Dodged            |    60 |    67 |    43 ||   170
Block: Buckler           |    24 |    24 |    16 ||    64
